Map: Central Protocol

Players

Chase

  • Race: Zerg Zerg
  • League: Grandmaster

Seither - Winner!

  • Race: Terran Terran
  • League: Master

VOD

Have the link to the VOD?

Description

Time

  • Played on: Dec. 15, 2015, 6:51 a.m.
  • Length: 12:48
Show
View Real Time Build Order
Export as new Build Order

Chase Zerg 

Build Orders: Hatch First, Ravager All-In 

Get SALT Encoding   

  12  0:00  Drone  
  13  0:13  Overlord  
  13  0:17  Drone  
  14  0:32  Drone x2  
  16  0:36  Drone  
  17  0:55  Hatchery, Drone  
  17  1:00  Drone  
  18  1:04  Extractor  
  17  1:15  Spawning Pool  
  16  1:24  Drone  
  16  1:25  Drone  
  18  1:32  Drone  
  19  1:41  Overlord  
  19  1:51  Drone  
  20  2:02  Queen  
  20  2:03  Zergling x2  
  20  2:06  Queen  
  20  2:07  Zergling x2  
  26  2:11  Metabolic Boost  
  26  2:15  Zergling x2  
  27  2:20  Drone  
  28  2:24  Drone  
  29  2:30  Drone  
  29  2:34  Drone  
  31  2:40  Roach Warren  
  31  2:42  Drone  
  31  2:45  Drone  
  32  2:51  Drone  
  32  2:58  Overlord  
  33  2:59  Extractor  
  32  3:07  Drone x2  
  32  3:11  Overlord  
  34  3:19  Evolution Chamber  
  33  3:33  Zergling x2  
  34  3:35  Roach x3  
  34  3:36  Roach x2  
  34  3:40  Roach  
  45  3:49  Zergling x8  
  45  3:52  Zergling x4  
  45  3:55  Overlord  
  51  4:08  Overlord  
  51  4:14  Ravager x2  
  51  4:15  Ravager  
  51  4:16  Ravager  
  55  4:17  Zergling x6  
  55  4:22  Zergling x2  
  55  4:23  Overlord  
  60  4:31  Zergling x8  
  60  4:33  Ravager  
  60  4:38  Zergling x4  
  66  4:44  Zergling x4  
  69  4:45  Ravager  
  54  5:11  Zergling x8  
  54  5:12  Zergling x6  
  49  5:23  Zergling x10  
  49  5:27  Queen  
  56  5:30  Queen  
  58  5:37  Roach  
  58  5:41  Roach  
  62  5:44  Roach  
  62  5:47  Roach  
  66  5:57  Spore Crawler, Roach  
  67  6:19  Queen  
  66  6:39  Queen  
  67  6:40  Overlord  
  67  6:43  Overlord  
  67  6:57  Hatchery  
  67  6:58  Queen  
  71  7:01  Ravager x4  
  71  7:02  Ravager  
  73  7:13  Zergling x4  
  73  7:14  Queen  
  77  7:19  Roach  
  79  7:24  Zergling x4  
  81  7:32  Drone x2, Spore Crawler  
  81  7:35  Overlord  
  82  7:42  Burrow  
  82  7:51  Overlord  
  82  7:55  Zerg Ground Armor Level 1  
  82  8:00  Roach x2  
  82  8:16  Roach  
  82  8:17  Roach x2, Zergling x8  
  92  8:41  Zergling x4  
  92  8:42  Zergling x8  
  98  8:51  Roach x3  
  104  8:57  Zergling x2  
  104  8:59  Overlord  
  105  9:03  Overlord  
  105  9:13  Lair  
  105  9:19  Ravager x2  
  105  9:22  Roach, Zergling x4  
  111  9:33  Roach x2  
  115  9:44  Zergling x4  
  117  9:49  Roach  
  117  9:50  Roach  
  59  10:21  Drone x3  
  59  10:22  Drone x3  
  59  10:25  Overseer  
  59  10:26  Drone x3  
  68  10:40  Roach x2  
  68  10:41  Drone, Extractor  
  72  10:47  Roach x2  
  76  10:53  Hatchery  
  74  10:57  Drone x13  
  70  11:06  Drone x3  
  70  11:07  Drone  
  71  11:19  Drone, Spire  
  71  11:25  Drone x2  
  73  11:29  Drone  
  71  11:37  Ravager  
  71  11:38  Ravager x3  
  75  11:40  Roach  
  75  11:44  Drone  
  78  11:50  Roach  
  73  12:11  Roach x3  
  73  12:12  Roach  
  73  12:14  Ravager  
  80  12:17  Roach  
  82  12:24  Zergling x2  
  82  12:25  Zergling x2  
  82  12:27  Overseer  
Show
View Real Time Build Order
Export as new Build Order

Seither Terran - Winner!

Build Orders: Reaper Expand, Bio Tank 

Get SALT Encoding   

  12  0:00  SCV  
  13  0:13  SCV  
  14  0:17  Supply Depot  
  14  0:25  SCV  
  15  0:38  SCV  
  15  0:42  Barracks  
  16  0:45  Refinery  
  16  0:51  SCV  
  17  1:03  SCV  
  18  1:15  SCV  
  19  1:29  Orbital Command  
  19  1:30  Reaper  
  20  1:41  Command Center  
  20  1:53  Supply Depot  
  20  1:55  SCV  
  20  1:59  Refinery  
  21  2:02  Barracks Reactor  
  21  2:07  SCV  
  22  2:19  SCV  
  23  2:26  Factory  
  23  2:32  SCV  
  24  2:38  Marine x2  
  24  2:44  SCV  
  27  2:56  SCV  
  28  2:59  Marine  
  28  3:00  Marine  
  30  3:10  SCV  
  30  3:12  Factory Tech Lab, Starport  
  31  3:13  Orbital Command  
  31  3:18  Bunker  
  31  3:19  Marine x2  
  33  3:22  SCV  
  34  3:32  Siege Tank  
  37  3:34  SCV  
  37  3:40  Supply Depot  
  37  3:41  SCV  
  38  3:42  Marine  
  38  3:43  Marine  
  40  3:51  Starport Tech Lab  
  40  3:53  SCV x2  
  42  3:59  Marine  
  42  4:01  Marine  
  44  4:06  Supply Depot  
  44  4:08  Supply Depot  
  44  4:09  Siege Tank  
  47  4:14  Banshee  
  50  4:19  SCV x2  
  50  4:21  Marine  
  53  4:32  Marine  
  53  4:35  Supply Depot  
  53  4:36  SCV  
  53  4:37  SCV  
  56  4:41  Siege Tank  
  56  4:45  Marine  
  60  4:48  Supply Depot  
  60  4:49  SCV x2  
  60  4:50  Marine  
  63  4:57  Barracks  
  63  5:03  Marine  
  46  5:07  Marine  
  46  5:10  Banshee  
  41  5:18  Bunker  
  41  5:21  Siege Tank, Marine  
  37  5:23  SCV  
  37  5:24  SCV  
  37  5:25  Marine  
  42  5:36  Barracks  
  42  5:37  SCV x2  
  42  5:40  Marine  
  45  5:43  Marine  
  45  5:45  Barracks Tech Lab  
  45  5:49  SCV  
  47  5:53  SCV, Engineering Bay  
  48  6:01  Siege Tank  
  51  6:07  Banshee  
  51  6:09  SCV  
  51  6:10  SCV  
  55  6:25  Stimpack, Marine x2  
  53  6:31  SCV x2  
  56  6:34  Terran Infantry Weapons Level 1  
  56  6:43  SCV x2  
  56  6:46  Barracks Reactor  
  58  6:48  Marine x3  
  58  6:51  Refinery  
  61  6:55  Supply Depot, SCV  
  62  7:07  Supply Depot  
  62  7:11  SCV x2  
  62  7:14  Marine  
  65  7:22  Barracks, Medivac x2  
  66  7:23  Barracks  
  66  7:28  Marine x2  
  68  7:31  SCV x2, Refinery  
  68  7:33  Combat Shields  
  68  7:36  Marine x2  
  72  7:43  SCV x2  
  74  7:44  Supply Depot  
  74  7:47  Marine x2  
  76  7:57  Medivac x2  
  80  7:59  SCV x2  
  80  8:01  Supply Depot  
  80  8:04  Marine x2  
  84  8:15  Barracks Reactor  
  84  8:16  Barracks Reactor, Marine x2  
  86  8:20  SCV  
  86  8:21  Supply Depot  
  86  8:22  Marauder  
  86  8:24  Marine  
  90  8:30  Medivac x2  
  90  8:34  Marine x2  
  94  8:35  SCV  
  97  8:41  Supply Depot  
  97  8:42  Marine  
  98  8:49  Marine  
  98  8:51  SCV x2, Siege Tank, Marine  
  98  8:52  Marine  
  106  8:57  Marine x2  
  106  8:59  Supply Depot  
  106  9:02  Terran Infantry Armor Level 1  
  108  9:04  Marine x3  
  108  9:07  Marine  
  108  9:09  Marine x2  
  113  9:13  SCV x2  
  113  9:15  Marine  
  117  9:24  Marine x5  
  122  9:37  Medivac x2  
  122  9:38  Siege Tank, Marine x2  
  131  9:47  Marine x3  
  105  10:10  Marine x2  
  105  10:11  Marauder  
  105  10:14  Liberator x2  
  88  10:24  Marine x2  
  88  10:25  Marine x3  
  88  10:27  Siege Tank  
  88  10:28  Marine x2  
  96  10:31  Armory, Marine  
  96  10:32  Engineering Bay  
  105  10:42  Marine x2  
  105  10:43  Marauder  
  105  10:47  Supply Depot  
  105  10:49  Marine x2  
  113  10:50  Marauder  
  113  10:59  Marine x2  
  113  11:00  Marine  
  115  11:09  Marauder, Marine x3  
  115  11:11  Marine  
  120  11:15  Siege Tank  
  121  11:22  Medivac x2  
  125  11:32  Marine x2  
  125  11:33  Marauder  
  125  11:37  Marine x4  
  125  11:38  Marauder  
  135  11:53  Marine x2  
  135  12:07  Marauder x2, Marine  
  130  12:16  Marine x2  
  132  12:28  Marine x2  
Tags
 
Add a new tag
Caveats
  • Supply blocks, unpowered buildings, or Contaminate may cause inaccurate times.
  • Supply counts are checked every 10 seconds.